 Dungeon Crawl Stone Soup version 0.26-a0-1131-g5f66e2dd50 (console) character file.

Game seed: 812822276228183046

(classic levelgen) 182 pentaxis93 the Skirmisher (level 5, 0/45 HPs)
             Began as a Draconian Transmuter on Dec 19, 2020.
             Was an Initiate of Makhleb.
             Killed by nerve-wracking pain
             ... invoked by an orc priest
              (4 damage)
             ... on level 3 of the Dungeon.
             The game lasted 00:13:52 (3360 turns).

pentaxis93 the Skirmisher (Draconian Transmuter)    Turns: 3360, Time: 00:13:52

Health: 0/45       AC:  5    Str: 12    XL:     5   Next: 35%
Magic:  8/8        EV: 12    Int: 14    God:    Makhleb [......]
Gold:   190        SH:  0    Dex: 12    Spells: 5/8 levels left

rFire    . . .     SeeInvis .     - Unarmed
rCold    . . .     Faith    .   (no shield)
rNeg     . . .     Spirit   .   (armour unavailable)
rPois    .         Reflect  .   (helmet currently unavailable)
rElec    .         Harm     .   (no cloak)
rCorr    .         Rampage  .   (no gloves)
Will     .....                  (boots currently unavailable)
Stlth    ++........             (no amulet)
HPRegen  0.15/turn              (no ring)
MPRegen  0.11/turn              (no ring)

@: appendages (expiring)
A: unfitting armour, horns 2, talons 2, cold-blooded, AC +5
a: End Transformation, Renounce Religion


You were on level 3 of the Dungeon.
You worshipped Makhleb.
Makhleb was noncommittal.
You had grown temporary horns.
You had grown temporary talons.
You visited 1 branch of the dungeon, and saw 3 of its levels.

You collected 190 gold pieces.


Innate Abilities, Weirdness & Mutations

Your plain brown scales are hard. (AC +5)
You cannot fit into any form of body armour.
You are cold-blooded and may be slowed by cold attacks.
You have a pair of horns on your head.
You have razor-sharp toenails.


   Skills:
 - Level 3.1 Fighting
 - Level 2.1 Throwing
 + Level 1.7 Dodging
 - Level 2.0 Stealth
 - Level 3.0 Unarmed Combat
 - Level 2.0 Spellcasting
 * Level 2.7 Transmutations
 - Level 1.4 Poison Magic
 + Level 0.9 Invocations


You had 5 spell levels left.
You knew the following spells:

 Your Spells              Type           Power        Failure   Level
e - Beastly Appendage     Tmut           16%          8%          1
X - Wereblood             Tmut           8%           12%         2

Your spell library contained the following spells:

 Spells                   Type           Power        Failure   Level
 Spider Form              Tmut/Pois      3%           30%         3
 Ice Form                 Ice/Tmut       5%           80%         4
 Blade Hands              Tmut           4%           91%         5

Inventory:

Missiles
 h - 5 poisoned darts
 i - 101 stones
 k - 6 curare-tipped darts (quivered) {=f}
 o - 3 boomerangs
 p - a throwing net {=f}
Scrolls
 a - 2 scrolls of identify {@r1}
 c - 4 scrolls of teleportation {@r4}
 d - a scroll of blinking {unknown}
 e - 4 scrolls of remove curse {@r2}
 f - 2 scrolls of fog
 j - a scroll of enchant armour {unknown}
 m - a scroll of random uselessness {unknown}
 n - 2 scrolls of magic mapping
Potions
 b - a potion of brilliance {unknown}
 g - a potion of flight {unknown}
 l - a potion of attraction {unknown}

Dungeon Overview and Level Annotations

Branches:
Dungeon (3/15)

Altars:
Elyvilon
Hepliaklqana
Makhleb
Wu Jian

# ####.. #.# # #... #.#
####.######.####
...............#
###.############ # ###.#
#.##o..o# .##.# ..#(...#
....#### #.#....# .......##
......#
######..###########....?#
##<........do......#
############..)...#
######### #.....# ......>.#
#...### ........# ####...##
.......[# #>...#†..#
........# ##.##.....#
........#######..#..[...((.
..............).............
#####..########.#......$....
##.#######..#...........


You could see an orc priest.


Message History

The orc shouts!
The orc is moderately wounded.
An orc comes into view.
You start waiting.
An orc comes into view. It is wielding a +0 mace.
Cast which spell? (? or * to list)
You grow a pair of large bovine horns.
Your feet morph into talons.
An orc comes into view. It is wielding a +0 hand axe.
The orc shouts!
You hit the orc. You tail-slap the orc.
You kill the orc!
Makhleb accepts your kill.
You start resting.
An orc is nearby!
Your transformation is almost over.
An orc comes into view. It is wielding a -2 flail.
The orc shouts! x2
The orc hits you with a +0 hand axe.
You closely miss the orc. You claw the orc, but do no damage.
You headbutt the orc.
The orc is heavily wounded.
You hit the orc but do no damage. You claw the orc, but do no damage.
The orc is heavily wounded.
The orc hits you with a +0 hand axe.
You hit the orc but do no damage. Your kick misses the orc.
You headbutt the orc.
The orc is severely wounded.
The orc closely misses you.
You barely miss the orc. You claw the orc, but do no damage.
The orc is severely wounded.
The orc barely misses you.
Cast which spell? (? or * to list)
Your blood is infused with primal strength.
The orc hits you with a +0 hand axe.
You barely miss the orc. You claw the orc, but do no damage.
The orc is heavily wounded.
The orc misses you.
You hit the orc. Your kick misses the orc.
The orc is severely wounded.
The orc hits you but does no damage.
You hit the orc but do no damage.
The orc is severely wounded.
Your horns disappear.
Your talons disappear.
Cast which spell? (? or * to list)
You grow a pair of large bovine horns.
Your feet morph into talons.
The orc completely misses you.
You hit the orc.
You kill the orc!
Makhleb accepts your kill.
You closely miss the orc. Your kick misses the orc. You headbutt the orc!
You kill the orc!
Makhleb accepts your kill.
The orc throws a boomerang.
The boomerang hits you but does no damage.
The weapon returns to the orc!
The orc misses you.
Things that are here:
a +0 mace; a +0 hand axe; a cursed +0 leather armour You hit the orc.
The orc is severely wounded.
Your transformation is almost over.
The orc hits you with a cursed -2 flail.
You hit the orc.
You kill the orc!
Makhleb accepts your kill.
The orc throws a boomerang.
The boomerang closely misses you.
The weapon returns to the orc!
You have reached level 5!
The orc hits you.
Items here: )) ††.
You hit the orc.
The orc is severely wounded.
The orc hits you.
You closely miss the orc. You claw the orc.
You kill the orc!
Makhleb accepts your kill.
You see here 3 boomerangs.
o - 3 boomerangs You howl as the wereblood boils in your veins!
Items here: )) ††.
Things that are here:
a +0 mace; a +0 hand axe; a cursed +0 leather armour Your primal bloodlust is almost over.
Your horns disappear.
Your talons disappear.
You howl as the wereblood boils in your veins!
Your primal bloodlust has ended.
Magic restored.
A rat comes into view.
A rat is nearby!
Cast which spell? (? or * to list)
You miscast Beastly Appendage.
You are very lightly contaminated with residual magic.
Nothing appears to happen.
Cast which spell? (? or * to list)
You grow a pair of large bovine horns.
Your feet morph into talons.
You hit the rat. You claw the rat.
You kill the rat!
Makhleb accepts your kill.
Your magical contamination has completely faded away.
Your transformation is almost over.
Your horns disappear.
Your talons disappear.
HP restored.
You now have 180 gold pieces (gained 17).
i - 86 stones (gained 21)
You see here a club.
Found a stone staircase leading up.
Found an escape hatch in the ceiling.
You now have 190 gold pieces (gained 10).
a - 3 scrolls of identify {@r1} (gained 1)
i - 87 stones (gained 1)
Found a stone staircase leading down.
Found a leather armour.
n - 2 scrolls labelled CAFOANERUSCH (gained 1)
As you read the scroll of identify {@r1}, it crumbles to dust.
n - 2 scrolls of magic mapping You see here a club.
A worm comes into view.
Cast which spell? (? or * to list)
You grow a pair of large bovine horns.
Your feet morph into talons.
You hit the worm. You headbutt the worm.
The worm is lightly wounded.
The worm bites you but does no damage.
You hit the worm.
The worm is moderately wounded.
You barely miss the worm.
The worm is moderately wounded.
The worm bites you.
You hit the worm but do no damage.
The worm is moderately wounded.
You barely miss the worm. You claw the worm. You headbutt the worm.
You tail-slap the worm.
The worm is almost dead.
Your transformation is almost over.
The worm bites you.
You barely miss the worm. You tail-slap the worm.
The worm is almost dead.
You hit the worm but do no damage. You claw the worm.
Your tail-slap misses the worm.
The worm is almost dead.
The worm closely misses you.
You hit the worm.
You kill the worm!
Makhleb accepts your kill.
Your horns disappear.
Your talons disappear.
You see here a worm corpse.
You see here a worm corpse.
Found a leather armour.
Found a chain mail.
Found a stone staircase leading down.
A hobgoblin comes into view. It is wielding a +0 club.
The hobgoblin shouts!
Found a throwing net.
Cast which spell? (? or * to list)
You grow a pair of large bovine horns.
Your feet morph into talons.
You completely miss the hobgoblin. You claw the hobgoblin.
The hobgoblin is moderately wounded.
The hobgoblin hits you with a +0 club.
You barely miss the hobgoblin. Your kick misses the hobgoblin.
The hobgoblin is moderately wounded.
The hobgoblin hits you with a +0 club.
You barely miss the hobgoblin. You claw the hobgoblin.
You kill the hobgoblin!
Makhleb accepts your kill.
You see here a +0 club.
Found 14 stones.
You see here a throwing net {=f}.
p - a throwing net {=f} Your transformation is almost over.
Your horns disappear.
Your talons disappear.
i - 101 stones (gained 14)
e - 4 scrolls of remove curse {@r2} (gained 1)
An adder comes into view.
Found a falchion.
An adder is nearby!
Throw: 8 darts (poison)
Press: ? - help, Q - select action, (/) - cycle Shift-Dir - straight line, f - adder
Aim: an adder (wandering, hasn't noticed you)
You throw a poisoned dart. The poisoned dart hits the adder.
The adder is poisoned.
The adder hisses angrily.
Throw: 7 darts (poison)
Press: ? - help, Q - select action, (/) - cycle Shift-Dir - straight line, f/p - adder
Aim: an adder (poisoned)
You throw a poisoned dart. The poisoned dart hits the adder.
The adder looks even sicker.
Cast which spell? (? or * to list)
You grow a pair of large bovine horns.
Your feet morph into talons.
The adder bites you.
You hit the adder. Your headbutt misses the adder.
Your tail-slap misses the adder.
The adder is heavily wounded.
The adder bites you but does no damage.
You hit the adder but do no damage. You claw the adder.
You kill the adder!
Makhleb accepts your kill.
Your transformation is almost over.
An orc wizard comes into view. It is wielding a +0 dagger.
Throw: 6 darts (poison)
Press: ? - help, Q - select action, (/) - cycle Shift-Dir - straight line, f - orc wizard
Aim: an orc wizard, wielding a +0 dagger and wearing a +0 robe (asleep)
You throw a poisoned dart. The poisoned dart hits the orc wizard.
Throw: 7 darts (curare) {=f}
Press: ? - help, Q - select action, (/) - cycle Shift-Dir - straight line, f/p - orc wizard
Aim: an orc wizard, wielding a +0 dagger and wearing a +0 robe You throw a curare-tipped dart {=f}.
The curare-tipped dart {=f} hits the orc wizard.
The orc wizard is poisoned.
The orc wizard convulses.
The orc wizard seems to slow down.
The orc wizard is moderately wounded.
Your horns disappear.
Your talons disappear.
The orc wizard casts a spell at you. You resist with some effort.
Cast which spell? (? or * to list)
You grow a pair of large bovine horns.
Your feet morph into talons.
The orc wizard points at you and mumbles some strange words.
You are confused.
You bump into the rock wall.
The orc wizard casts a spell at you. The puff of flame hits you.
You are too confused!
Your transformation is almost over.
Makhleb accepts your kill.
You feel a bit more experienced.
Your Stealth skill increases to level 2!
You feel less confused.
There is a stone staircase leading down here.
Your horns disappear.
Your talons disappear.
An orc and an orc priest come into view.
You see here a +0 club.
Items here: )) ÷÷.
Things that are here:
a +0 mace; a +0 hand axe; a cursed +0 leather armour The orc shouts!
You hear a shout!
An orc comes into view. It is wielding a +0 dagger.
Cast which spell? (? or * to list)
You grow a pair of large bovine horns.
Your feet morph into talons.
You hit the orc.
The orc is moderately wounded.
The orc closely misses you.
The orc priest shouts!
You hit the orc.
The orc is heavily wounded.
You closely miss the orc. You claw the orc.
The orc is heavily wounded.
You closely miss the orc. You claw the orc, but do no damage.
Your headbutt misses the orc. You punch the orc, but do no damage.
The orc is heavily wounded.
The orc hits you but does no damage.
You hit the orc but do no damage. Your kick misses the orc.
The orc is heavily wounded.
The orc hits you but does no damage.
You hit the orc but do no damage. You claw the orc.
You kill the orc!
Makhleb accepts your kill.
The orc priest calls upon Beogh to heal the orc.
The orc's wounds heal themselves!
The orc closely misses you.
You barely miss the orc. You closely miss the orc. Your kick misses the orc.
Your tail-slap misses the orc.
The orc barely misses you.
You hit the orc but do no damage. You claw the orc.
You headbutt the orc, but do no damage.
The orc is lightly wounded.
The orc completely misses you.
You hit the orc but do no damage. You claw the orc, but do no damage.
The orc is lightly wounded.
The orc hits you but does no damage.
You hit the orc but do no damage. You claw the orc.
Your tail-slap misses the orc.
The orc is heavily wounded.
The orc hits you but does no damage.
You hit the orc but do no damage. You headbutt the orc.
You kill the orc!
Makhleb accepts your kill.
You hit the orc priest but do no damage.
You claw the orc priest. You headbutt the orc priest.
The orc priest is moderately wounded.
Your transformation is almost over.
The orc priest calls down the wrath of Beogh upon you.
Pain shoots through your body!
You closely miss the orc priest. Your kick misses the orc priest.
Your headbutt misses the orc priest.
The orc priest is moderately wounded.
The orc priest mumbles some strange prayers to Beogh against you.
Pain shoots through your body!
You hit the orc priest.
The orc priest is moderately wounded.
The orc priest hits you with a +0 hand axe.
You closely miss the orc priest.
You claw the orc priest, but do no damage.
The orc priest is moderately wounded.
The orc priest hits you with a +0 hand axe.
* * * LOW HITPOINT WARNING * * *
You hit the orc priest but do no damage.
You claw the orc priest.
The orc priest is severely wounded.
You barely miss the orc priest.
The orc priest is severely wounded.
The orc priest hits you with a +0 hand axe!
* * * LOW HITPOINT WARNING * * *
You closely miss the orc priest.
The orc priest is severely wounded.
The orc priest closely misses you.
You barely miss the orc priest. You headbutt the orc priest.
The orc priest is almost dead.
The orc priest calls down the wrath of Beogh upon you.
Beogh smites you!
* * * LOW HITPOINT WARNING * * *
You hit the orc priest but do no damage.
The orc priest is almost dead.
The orc priest calls down the wrath of Beogh upon you.
Pain shoots through your body!
You die...

Skill      XL: |  1  2  3  4  5 |
---------------+----------------+-----
Stealth        | 1 2 |  2.0
Throwing       | 2 |  2.1
Fighting       | 2 3 |  3.1
Poison Magic   | 1 |  1.4
Dodging        | |  1.7
Unarmed Combat | |  3.0
Spellcasting   | |  2.0
Transmutations | |  2.7
Invocations    | |  0.9

Action                   |  1- 3 |  4- 6 || total
-------------------------+-------+-------++-------
Melee: Unarmed           |    71 |    74 ||   145
       Kick              |    16 |    25 ||    41
       Headbutt          |     7 |    15 ||    22
       Punch             |     2 |     1 ||     3
       Tailslap          |     3 |     5 ||     8
Throw: Dart              |    14 |    15 ||    29
       Stone             |     6 |     7 ||    13
 Cast: Beastly Appendage |    22 |    22 ||    44
       Wereblood         |       |     1 ||     1
  Use: Scroll            |       |     4 ||     4
Armor: Skin              |    13 |     8 ||    21
Dodge: Dodged            |    39 |    20 ||    59

Levels and vault maps discovered:
D:1:      dpeg_arrival_long_road, layout_basic, patterned_corridor
D:2:      layout_basic, chequers_temple_overflow_statue_of_worship,
          minivault_11, minmay_misc_feat_ornament
D:3:      layout_rooms, elyvilon_altar_5

Notes
Turn   | Place    | Note
-------+----------+-------------------------------------------
     0 | D:1      | pentaxis93 the Draconian Transmuter began the quest for the
                  | Orb.
     0 | D:1      | Reached XP level 1. HP: 16/16 MP: 3/3
   337 | D:1      | Reached skill level 1 in Stealth
   607 | D:1      | Reached XP level 2. HP: 22/23 MP: 3/5
   657 | D:1      | Learned a level 2 spell: Wereblood
  1124 | D:2      | Reached skill level 1 in Throwing
  1263 | D:2      | Found a white marble altar of Elyvilon.
  1265 | D:2      | Found a hazy altar of Hepliaklqana.
  1265 | D:2      | Found a burning altar of Makhleb.
  1266 | D:2      | Found an ornate altar of the Wu Jian Council.
  1325 | D:2      | Reached skill level 2 in Throwing
  1325 | D:2      | Reached XP level 3. HP: 24/28 MP: 4/6
  1438 | D:2      | Reached skill level 2 in Fighting
  1929 | D:2      | Reached XP level 4. HP: 37/37 MP: 5/7
  2053 | D:2      | Reached skill level 3 in Fighting
  2384 | D:2      | Reached skill level 1 in Poison Magic
  2811 | D:2      | Became a worshipper of Makhleb the Destroyer
  2919 | D:3      | Reached XP level 5. HP: 34/45 MP: 5/8
  3244 | D:3      | Reached skill level 2 in Stealth
  3360 | D:3      | Killed from afar by an orc priest

Vanquished Creatures
  A worker ant (D:2)
  An orc wizard (D:3)
  8 adders (D:2 D:3)
  2 worms (D:2 D:3)
  A dart slug (D:2)
  A leopard gecko (D:2)
  7 orcs (D:3)
  5 bats (D:1 D:2)
  3 giant cockroaches (D:2 D:3)
  4 goblins (D:1 D:2)
  8 hobgoblins (D:1 D:2 D:3)
  4 kobolds (D:1 D:2)
  8 rats (D:1 D:2 D:3)
53 creatures vanquished.

Table legend: (Time is in decaauts)
 A = Elapsed time spent in this place.
 B = Non-inter-level travel time spent in this place.
 C = Inter-level travel time spent in this place.
 D = Time resting spent in this place.
 E = Time spent auto-exploring this place.
 F = Levels seen in this place.
 G = Mean time per level.
                   A        B        C        D        E       F      G
               +--------+--------+--------+--------+--------+-----+--------+
         Total |   3349 |   3261 |     88 |      7 |   2541 |   3 | 1116.3 |
       Dungeon |   3349 |   3261 |     88 |      7 |   2541 |   3 | 1116.3 |
               +--------+--------+--------+--------+--------+-----+--------+

Top non-repeatable levels by time:
     D:2: 1748 daAuts
     D:1: 1074 daAuts
     D:3: 525 daAuts

Table legend:
 A = Kills in this place as a percentage of kills in entire the game.
 B = Kills by you in this place as a percentage of kills by you in the entire game.
 C = Kills by friends in this place as a percentage of kills by friends in the entire game.
 D = Other kills in this place as a percentage of other kills in the entire game.
 E = Experience gained in this place as a percentage of experience gained in the entire game.
 F = Experience gained in this place divided by the number of levels of this place that you have seen.
                   A       B       C       D       E      F
               +-------+-------+-------+-------+-------+----------------------
         Total | 100.0 | 100.0 |   N/A |   N/A | 100.0 |  87.0
       Dungeon | 100.0 | 100.0 |   N/A |   N/A | 100.0 |  87.0
               +-------+-------+-------+-------+-------+----------------------

Table legend:
 A = Non-vault XP
 B = Vault XP
 C = Vault XP percentage of total XP
 D = Non-vault monster count
 E = Vault monster count
 F = Vault count percentage of total count
                 A         B        C        D         E       F
            +---------+---------+-------+---------+---------+-------
      Total |     261 |       0 |   0.0 |      53 |       0 |   0.0
            +---------+---------+-------+---------+---------+-------
        D:1 |      16 |       0 |   0.0 |      11 |       0 |   0.0
        D:2 |     165 |       0 |   0.0 |      27 |       0 |   0.0
        D:3 |      80 |       0 |   0.0 |      15 |       0 |   0.0
            +---------+---------+-------+---------+---------+-------
